 Dungeon Crawl Stone Soup version 0.26-a0-812-g31a745ddcd (webtiles) character file.

Game seed: 12145932588450905993

156 kae the Skirmisher (level 5, 47/47 HPs)
             Began as a Hill Orc Fighter on Nov 27, 2020.
             Quit the game on level 3 of the Dungeon.
             The game lasted 00:00:42 (1375 turns).

kae the Skirmisher (Hill Orc Fighter)               Turns: 1375, Time: 00:00:42

Health: 47/47      AC:  9    Str: 20    XL:     5   Next: 37%
Magic:  5/5        EV:  7    Int:  8    God:
Gold:   65         SH:  9    Dex: 10    Spells: 4/4 levels left

rFire    + . .     SeeInvis .   a - +0 war axe
rCold    . . .     Faith    .   c - +0 kite shield
rNeg     . . .     Spirit   .   b - +0 scale mail
rPois    .         Reflect  .   (no helmet)
rElec    .         Harm     .   e - +1 cloak
rCorr    .         Rampage  .   (no gloves)
MR       .....                  (no boots)
Stlth    ..........             (no amulet)
HPRegen  0.15/turn              f - ring of protection from fire
MPRegen  0.09/turn              (no ring)

@: no status effects
A: no striking features
a: no special abilities


You were on level 3 of the Dungeon.
You visited 1 branch of the dungeon, and saw 4 of its levels.

You collected 65 gold pieces.

Inventory:

Hand Weapons
 a - a +0 war axe (weapon)
Armour
 b - a +0 scale mail (worn)
 c - a +0 kite shield (worn)
 e - a +1 cloak (worn)
Jewellery
 f - a ring of protection from fire (left hand)
Scrolls
 g - 2 scrolls of remove curse
 h - 2 scrolls of amnesia
 j - a scroll of fog {unknown}
Potions
 d - 3 potions of might
 i - a potion of flight {unknown}
 l - a potion of curing
 m - a potion of lignification {unknown}
 n - a potion of degeneration {unknown}
 p - a potion of attraction {unknown}
 r - a potion of berserk rage {unknown}


   Skills:
 + Level 4.7 Fighting
 + Level 4.2 Axes
 + Level 4.3 Armour
 + Level 4.3 Shields


You had 4 spell levels left.
You didn't know any spells.
Your spell library contained the following spells:

 Spells                   Type           Power        Failure   Level
 Animate Skeleton         Necr           #.....       99%         1
 Apportation              Tloc           #.....       99%         1
 Corona                   Hex            #......      99%         1
 Summon Small Mammal      Summ           #...         99%         1


Dungeon Overview and Level Annotations

Branches:
Dungeon (4/15)
 Temple: D:4-7

Altars:


Message History

The ball python hisses angrily.
Something bites the bush but does no damage.
The ball python moves out of view.
No reachable target in view!
No reachable target in view!
Something completely misses the bush.
The rat bites the bush but does no damage.
A ball python is nearby!
No reachable target in view!
No reachable target in view!
A ball python is nearby!
No reachable target in view!
No reachable target in view!
A ball python is nearby!
No reachable target in view!
No reachable target in view!
A ball python is nearby!
No reachable target in view!
No reachable target in view!
Are you sure you want to abandon this character and quit the game? (Confirm with "yes".) #.# #...# ####.##... ...rSr. #PPPPPPP #P.P...P ##P.P.PPP.P #...P...... ###.P.PPPPP.P

#...P@P...P..
#.##P.P.PPP.
#.##P...P..
#######.##PPP.P.
#..>....#.P.....
#.#####.#.PPPPPPP
#.# #.#.##.##..
#.#####.#†##.#
...
#.#..........#


You could see a ball python and a rat.

Vanquished Creatures
  An ogre (D:4)
  A centaur skeleton (D:4)
  A worker ant (D:4)
  2 leopard geckos (D:2)
  A bat (D:3)
  A giant cockroach (D:2)
  2 goblins
  2 hobgoblins (D:1)
  4 jackals (D:1)
  A quokka (D:4)
  A frilled lizard (D:1)
  A kobold (D:1)
  2 rats (D:1)
20 creatures vanquished.

Vanquished Creatures (others)
  2 plants (D:1)
2 creatures vanquished.

Grand Total: 22 creatures vanquished

Notes
Turn   | Place    | Note
-------+----------+-------------------------------------------
     0 | D:1      | kae the Hill Orc Fighter began the quest for the Orb.
     0 | D:1      | Reached XP level 1. HP: 19/19 MP: 1/1
   567 | D:1      | Reached XP level 2. HP: 27/27 MP: 2/2
  1192 | D:2      | You fall into a shaft and drop 2 floors!
  1197 | D:4      | Reached XP level 3. HP: 26/33 MP: 3/3
  1257 | D:4      | Noticed an ogre
  1263 | D:4      | Killed an ogre
  1263 | D:4      | Reached XP level 4. HP: 34/41 MP: 4/4
  1263 | D:4      | Reached XP level 5. HP: 39/47 MP: 5/5
  1375 | D:3      | Quit the game

Illustrated notes

Levels and vault maps discovered:
D:1:      minmay_arrival_plants_in_alcoves, layout_loops_ring, serial_forest,
          infiniplex_forest_end_3, infiniplex_forest_straight_3,
          infiniplex_forest_lined_room_2, infiniplex_forest_end_3
D:2:      layout_basic, serial_park_tiny_pond
D:3:      layout_loops_corners, chequers_temple_overflow_statue_of_worship,
          eat_drink_and_be_merry_uskayaw, cheibrodos_sewer_entry_bend,
          eino_tiny_chamber, moated_statue, minmay_hedge_maze,
          trog_hazing_becter, uniq_terence
D:4:      layout_cave_pods, serial_shops, nicolae_shop_behind_doors,
          kennysheep_mini_moat, nicolae_ossuary_entry_plus, minmay_cupped,
          uniq_menkaure, uniq_duvessa

Skill      XL: |  1  2  3 |
---------------+----------+-----
Axes           | 3 4 |  4.2
Fighting       | 4 |  4.7
Armour         | 4 |  4.3
Shields        | 4 |  4.3

Action                   |  1- 3 |  4- 6 || total
-------------------------+-------+-------++-------
Melee: War axe           |    59 |    15 ||    74
  Use: Scroll            |     7 |       ||     7
Armor: Scale mail        |    37 |     8 ||    45
Dodge: Dodged            |    24 |     5 ||    29
Block: Kite shield       |    37 |    10 ||    47

Table legend: (Time is in decaauts)
 A = Elapsed time spent in this place.
 B = Non-inter-level travel time spent in this place.
 C = Inter-level travel time spent in this place.
 D = Time resting spent in this place.
 E = Time spent auto-exploring this place.
 F = Levels seen in this place.
 G = Mean time per level.
                   A        B        C        D        E       F      G
               +--------+--------+--------+--------+--------+-----+--------+
         Total |   1404 |   1389 |     15 |      4 |   1194 |   4 |  351.0 |
       Dungeon |   1404 |   1389 |     15 |      4 |   1194 |   4 |  351.0 |
               +--------+--------+--------+--------+--------+-----+--------+

Top non-repeatable levels by time:
     D:1: 1029 daAuts
     D:2: 182 daAuts
     D:4: 150 daAuts
     D:3: 40 daAuts
